 Dungeon Crawl Stone Soup version 0.30-a0-779-g7971cf19c3 (webtiles) character file.

Game seed: 13006495849670916074

1492 porpoise the Sneak (level 8, -2/60 HPs)
             Began as a Gnoll Enchanter on Feb 18, 2023.
             Slain by a manticore (10 damage)
             ... on level 6 of the Dungeon.
             The game lasted 00:17:12 (5474 turns).

porpoise the Sneak (Gnoll Enchanter)                Turns: 5474, Time: 00:17:12

Health: -2/60      AC:  6    Str:  7    XL:     8   Next: 80%
Magic:  12/17      EV: 14    Int: 16    God:
Gold:   267        SH:  0    Dex: 14    Spells: 11/19 levels left

rFire   + . .      SeeInvis .    a - +1 dagger (venom)
rCold   . . .      Faith    .    (no shield)
rNeg    . . .      Spirit   .    n - +0 robe
rPois   .          Reflect  .    d - +2 hat
rElec   .          Harm     .    (no cloak)
rCorr   .          Rampage  .    m - +1 pair of gloves
Will    .....                    (no boots)
Stlth   +++                      s - amulet of regeneration
HPRegen 1.10/turn                g - ring of protection from fire
MPRegen 0.15/turn                (no ring)

@: no status effects
A: fangs 1, strong nose, distributed training
a: no special abilities


You were on level 6 of the Dungeon.
You visited 2 branches of the dungeon, and saw 7 of its levels.
You also visited: Ossuary.

You collected 267 gold pieces.

Inventory:

Hand Weapons
 a - a +1 dagger of venom (weapon)
 b - a +1 heavy sling
 k - a +1 dagger
 t - the +9 short sword of Pain and Death {antimagic, Fragile rCorr Dex+3}
   (You found it on level 3 of the Dungeon)

   Dex:       It affects your dexterity (+3).
   rCorr:     It protects you from acid and corrosion.
   Fragile:   It will be destroyed if unequipped.
 C - a +0 scimitar
Missiles
 x - 12 boomerangs (quivered)
Armour
 d - a +2 hat (worn)
 m - a +1 pair of gloves (worn)
 n - a +0 robe (worn)
Jewellery
 g - a ring of protection from fire (left hand)
 s - an amulet of regeneration (around neck)
Wands
 l - a wand of flame (27)
 w - a wand of light (9)
Scrolls
 h - 4 scrolls of teleportation
 j - 2 scrolls of enchant armour
 o - a scroll of fear {unknown}
 p - 3 scrolls of identify
 v - a scroll of immolation
 y - a scroll of magic mapping {unknown}
 A - a scroll of vulnerability {unknown}
 D - a scroll of noise
Potions
 c - 2 potions of invisibility
 e - 5 potions of lignification
 f - 4 potions of brilliance
 i - 4 potions of heal wounds
 q - 2 potions of attraction
 r - 2 potions of mutation
 u - a potion of might
 z - 2 potions of flight
 B - a potion of curing {unknown}


   Skills:
 + Level 3.7 Fighting
 + Level 4.6 Short Blades
 + Level 3.7 Long Blades
 + Level 3.7 Axes
 + Level 3.7 Maces & Flails
 + Level 3.7 Polearms
 + Level 3.7 Staves
 + Level 3.7 Ranged Weapons
 + Level 3.7 Throwing
 + Level 3.7 Armour
 + Level 6.0 Dodging
 + Level 7.1 Stealth
 + Level 3.7 Shields
 + Level 3.7 Unarmed Combat
 + Level 6.3 Spellcasting
 + Level 3.0 Conjurations
 + Level 6.3 Hexes
 + Level 3.0 Summonings
 + Level 3.0 Necromancy
 + Level 3.0 Translocations
 + Level 3.0 Transmutations
 + Level 3.0 Fire Magic
 + Level 3.0 Ice Magic
 + Level 3.0 Air Magic
 + Level 3.0 Earth Magic
 + Level 3.0 Poison Magic
 + Level 4.1 Invocations
 + Level 3.7 Evocations


You had 11 spell levels left.
You knew the following spells:

 Your Spells              Type           Power      Damage    Failure   Level
a - Confusing Touch       Hex            25%        N/A       3%          3
e - Ensorcelled Hibernat  Hex/Ice        40%        N/A       3%          2
t - Tukima's Dance        Hex            25%        N/A       3%          3

Your spell library contained the following spells:

 Spells                   Type           Power      Damage    Failure   Level
 Dazzling Flash           Conj/Hex       40%        N/A       6%          3


Dungeon Overview and Level Annotations

Branches:
Dungeon (6/15)             Temple (1/1) D:4         Ossuary (visited)

Altars:
Ashenzari
Cheibriados
Dithmenos
Gozag
Hepliaklqana
Kikubaaqudgha
Makhleb
Nemelex Xobeh
Qazlal
Ru
Trog
Uskayaw
Vehumet
Zin

Shops:
D:1 (   D:2 =


Innate Abilities, Weirdness & Mutations

You have very sharp teeth.
Your uncanny sense of smell can sniff out nearby items.
Your experience applies equally to all skills.


Message History

* * * LOW HITPOINT WARNING * * *
The manticore closely misses you.
You are too injured to fight recklessly!
You barely miss the manticore. You punch the manticore.
The manticore is severely wounded.
The manticore bites you!
* * * LOW HITPOINT WARNING * * *
The manticore barely misses you. The manticore closely misses you.
You feel much better. The manticore bites you. The manticore claws you!
* * * LOW HITPOINT WARNING * * *
The manticore claws you but does no damage.
You hit the manticore but do no damage.
The manticore is severely wounded.
You hit the manticore but do no damage.
The manticore appears confused.
The manticore is severely wounded.
The manticore closely misses you. The manticore misses you.
The manticore claws you!
* * * LOW HITPOINT WARNING * * *
There is a shadowy altar of Dithmenos here.
You hit the manticore.
The manticore is poisoned.
You bite the manticore, but do no damage.
The manticore is severely wounded.
Throw: 12 boomerangs
Press: ? - help, Q - select action, (/) - cycle Shift-Dir - straight line, f/p - manticore
Aim: a manticore (black smoke, almost dead, confused, very poisoned, 86% to hit)
You throw a boomerang. The boomerang hits the manticore.
The manticore is almost dead.
Throw: 12 boomerangs
Press: ? - help, Q - select action, (/) - cycle Shift-Dir - straight line, f/p - manticore
Aim: a manticore (black smoke, almost dead, confused, very poisoned, 86% to hit)
You throw a boomerang.
The boomerang hits the manticore but does no damage.
The manticore is almost dead.
You hit the manticore but do no damage.
The manticore looks as sick as possible!
The manticore is almost dead.
The manticore bites you!
* * * LOW HITPOINT WARNING * * *
The manticore claws you!
You die...

#......##.......
#.....#........ #
###............. ..
#.#<.....#
...##.....#.#^.#
......#.#####.....
###.#§§§####.......
.####§#§#§#§#.......
.....§§@§§§§........
...##§#H#§#.........
.. ##§§§#.........#
.....§#§#.....)
.....#.........
....).§§§......
...#.##........
..#.. ...#..... 5...
..##(..##


You could see a manticore (confused, extremely poisoned).

Vanquished Creatures
  An orc warrior (D:5)
  An ogre (D:5)
  3 elf zombies (Ossuary)
  A gnoll sergeant (D:4)
  2 necrophages
  A scorpion (D:6)
  2 howler monkeys (D:5)
  3 centaur zombies (Ossuary)
  2 orc priests
  6 human zombies (Ossuary)
  2 jellies
  5 iguanas
  3 orc wizards
  3 mummies (Ossuary)
  3 gnolls (D:4)
  3 adders
  An ufetubus (D:5)
  2 worms
  A dart slug (D:5)
  9 orcs
  6 ball pythons
  4 bats
  7 endoplasms
  4 giant cockroaches
  4 goblins
  7 hobgoblins
  7 kobolds
  A quokka (D:1)
  4 frilled lizards
  5 rats
103 creatures vanquished.

Vanquished Creatures (others)
  A human (D:5)
1 creature vanquished.

Grand Total: 104 creatures vanquished

Notes
Turn   | Place    | Note
-------+----------+-------------------------------------------
     0 | D:1      | porpoise the Gnoll Enchanter began the quest for the Orb.
     0 | D:1      | Reached XP level 1. HP: 13/13 MP: 6/6
   135 | D:1      | Reached XP level 2. HP: 13/19 MP: 7/7
   262 | D:1      | Learned a level 2 spell: Ensorcelled Hibernation
   734 | D:1      | Found Ineics's Antique Weapon Emporium.
  1039 | D:1      | Reached skill level 5 in Spellcasting
  1039 | D:1      | Reached XP level 3. HP: 19/25 MP: 7/9
  1068 | D:1      | Learned a level 3 spell: Confusing Touch
  1072 | D:1      | Learned a level 3 spell: Tukima's Dance
  1306 | D:2      | Reached skill level 6 in Stealth
  1306 | D:2      | Reached skill level 1 in Invocations
  1396 | D:2      | Found Muibenk's Jewellery Emporium.
  1624 | D:2      | Reached skill level 1 in Fighting
  1624 | D:2      | Reached skill level 1 in Long Blades
  1624 | D:2      | Reached skill level 1 in Axes
  1624 | D:2      | Reached skill level 1 in Maces & Flails
  1624 | D:2      | Reached skill level 1 in Polearms
  1624 | D:2      | Reached skill level 1 in Staves
  1624 | D:2      | Reached skill level 1 in Ranged Weapons
  1624 | D:2      | Reached skill level 1 in Throwing
  1624 | D:2      | Reached skill level 1 in Armour
  1624 | D:2      | Reached skill level 1 in Shields
  1624 | D:2      | Reached skill level 1 in Unarmed Combat
  1624 | D:2      | Reached skill level 1 in Evocations
  1762 | D:2      | Found a faded altar of an unknown god.
  2056 | D:3      | Found a hide-covered altar of Uskayaw.
  2238 | D:3      | Reached XP level 4. HP: 32/32 MP: 11/11
  2418 | D:3      | Identified the +9 short sword of Pain and Death {antimagic,
                  | Fragile rCorr Dex+3}
  2721 | D:4      | Reached skill level 1 in Conjurations
  2721 | D:4      | Reached skill level 1 in Summonings
  2721 | D:4      | Reached skill level 1 in Necromancy
  2721 | D:4      | Reached skill level 1 in Translocations
  2721 | D:4      | Reached skill level 1 in Transmutations
  2721 | D:4      | Reached skill level 1 in Fire Magic
  2721 | D:4      | Reached skill level 1 in Ice Magic
  2721 | D:4      | Reached skill level 1 in Air Magic
  2721 | D:4      | Reached skill level 1 in Earth Magic
  2721 | D:4      | Reached skill level 1 in Poison Magic
  2739 | D:4      | Reached XP level 5. HP: 37/37 MP: 6/12
  3190 | D:4      | Found a staircase to the Ecumenical Temple.
  3202 | Temple   | Entered the Ecumenical Temple
  3313 | D:4      | Reached XP level 6. HP: 44/44 MP: 11/14
  3524 | D:4      | Reached skill level 5 in Dodging
  4040 | D:5      | Entered Level 5 of the Dungeon
  4203 | D:5      | Noticed an orc warrior
  4208 | D:5      | Killed an orc warrior
  4209 | D:5      | Reached XP level 7. HP: 51/51 MP: 12/15
  4264 | D:5      | Found a sand-covered staircase.
  4269 | Ossuary  | Entered an ossuary
  4588 | Ossuary  | Reached XP level 8. HP: 56/58 MP: 16/16
  5027 | D:5      | Found an ancient bone altar of Kikubaaqudgha.
  5153 | D:5      | Reached skill level 7 in Stealth
  5432 | D:6      | Found a shadowy altar of Dithmenos.
  5447 | D:6      | Noticed a manticore
  5464 | D:6      | HP: 2/60 [manticore (14)]
  5474 | D:6      | Slain by a manticore

Illustrated notes

Levels and vault maps discovered:
D:1:      dpeg_arrival_houses_and_road, layout_basic, serial_shops,
          nicolae_shop_temple_entry_statues_fountains, minmay_curled_crystal,
          kennysheep_minor_cross, dreamdust_wishing_well,
          roderic_nine_men_s_morris, wander_ebering_terrifying_dragon_lair
D:2:      layout_basic, serial_shops, shop, ebering_ecumenical_altar_petrified
D:3:      layout_loops_cross, mainiacjoe_overflow_24_doors,
          kennysheep_generic_room_9
D:4:      layout_loops_corners, minmay_temple_entry_glassed_door,
          chequers_hall_statues_y
D:5:      layout_gridville, tgw_kikubaaqudgha, enter_ossuary_2
D:6:      gammafunk_wand_slinger, layout_cave_pools, led_sif_book,
          grunt_dithmenos_smoke_and_mirrors, kennysheep_generic_room_7
Temple:   jpeg_temple_clearing

Skill      XL: |  1  2  3  4  5  6  7  8 |
---------------+-------------------------+-----
Spellcasting   | 5 6 |  6.3
Stealth        | 6 7 |  7.1
Invocations    | 1 2 3 4 |  4.1
Fighting       | 1 2 3 |  3.7
Long Blades    | 1 2 3 |  3.7
Axes           | 1 2 3 |  3.7
Maces & Flails | 1 2 3 |  3.7
Polearms       | 1 2 3 |  3.7
Staves         | 1 2 3 |  3.7
Ranged Weapons | 1 2 3 |  3.7
Throwing       | 1 2 3 |  3.7
Armour         | 1 2 3 |  3.7
Shields        | 1 2 3 |  3.7
Unarmed Combat | 1 2 3 |  3.7
Evocations     | 1 2 3 |  3.7
Conjurations   | 1 2 3 |  3.0
Summonings     | 1 2 3 |  3.0
Necromancy     | 1 2 3 |  3.0
Translocations | 1 2 3 |  3.0
Transmutations | 1 2 3 |  3.0
Fire Magic     | 1 2 3 |  3.0
Ice Magic      | 1 2 3 |  3.0
Air Magic      | 1 2 3 |  3.0
Earth Magic    | 1 2 3 |  3.0
Poison Magic   | 1 2 3 |  3.0
Short Blades   | 3 4 |  4.6
Dodging        | 5 6 |  6.0
Hexes          | 6 |  6.3

Action                     |  1- 3 |  4- 6 |  7- 9 || total
---------------------------+-------+-------+-------++-------
  Melee: Dagger            |    89 |    70 |    76 ||   235
         Bite              |     7 |     5 |    41 ||    53
         Scimitar          |       |       |   166 ||   166
         Punch             |       |       |     5 ||     5
  Throw: Boomerang         |       |       |    10 ||    10
   Cast: Ensorcelled Hiber |    13 |    24 |     9 ||    46
         Confusing Touch   |       |     3 |    10 ||    13
    Use: Scroll            |     5 |     9 |     2 ||    16
         Potion            |       |       |     1 ||     1
   Stab: Sleeping          |    20 |    24 |    11 ||    55
         Confused          |       |     4 |    11 ||    15
 Armour: Robe              |    15 |    14 |    67 ||    96
  Dodge: Dodged            |    48 |    26 |   130 ||   204

Table legend: (Time is in decaauts)
 A = Elapsed time spent in this place.
 B = Non-inter-level travel time spent in this place.
 C = Inter-level travel time spent in this place.
 D = Time resting spent in this place.
 E = Time spent auto-exploring this place.
 F = Levels seen in this place.
 G = Mean time per level.
                   A        B        C        D        E       F      G
               +--------+--------+--------+--------+--------+-----+--------+
         Total |   5475 |   5290 |    185 |    823 |   3271 |   8 |  684.4 |
       Dungeon |   4875 |   4703 |    172 |    718 |   3129 |   6 |  812.5 |
        Temple |     89 |     76 |     13 |      0 |     65 |   1 |   89.0 |
       Ossuary |    509 |    509 |      0 |    105 |     77 |   1 |  509.0 |
               +--------+--------+--------+--------+--------+-----+--------+

Top non-repeatable levels by time:
     D:4: 1286 daAuts
     D:1: 1276 daAuts
     D:5: 907 daAuts
     D:3: 722 daAuts
     D:2: 644 daAuts
 Ossuary: 509 daAuts
  Temple: 89 daAuts
     D:6: 38 daAuts
